cohdb
Replays
Latest Replays
All Replays
Popular Replays
Top Player Replays
Match Explorer
How It Works
Community
CoH3 Stats
Reddit
Sign in to upload your games and track your stats! →
Sign in with Steam
Match 40474072
Unlisted
Match 40474072
Overview
Messages
Build Orders
End
Panzergrenadier Squad
Selects Battlefield Espionage Battlegroup
250 Light Carrier
Panzergrenadier Squad
Panzergrenadier Squad
Construct Light Support Kompanie
Selects Intel Disruption Beacon
2.5-tonne Medical Truck
Panzerjäger Squad
Fire Support Elements
Selects 250/3 Funkpanzerwagen
le.IG 18 Mechanized Group
Combat Half-tracks
Assault Grenadier Squad
Construct Mechanized Kompanie
Selects Anti-Tank Incendiary Munitions
Pak 38 Mechanized Group
2.5-tonne Medical Truck
Selects Plunder
18-tonne Recovery Half-track
KoMoDЫ4
_Nemez_
sharpshooter
BassAngler5000
0
0
Comments
sign in to comment!
No comments posted yet!